PL
RICHARDSON CITY THUNDERCATS @ PANAMA CITY PIRANHAS
09/24/2027
 
TOP OF THE 1ST
Richardson City Thundercats batting - Pitching for Panama City Piranhas : RHP Luis Flores
Pitching: RHP Luis Flores
Batting: SHB Mitch Qualtrough 0-0: Ball
1-0: Foul Ball, location: 2F
1-1: Foul Ball, location: 2F
1-2: Fly out, F4 (Flyball, 34D)
Batting: LHB Fernando Ramírez 0-0: Called Strike
0-1: Called Strike
0-2: SINGLE (Groundball, 56D)
Batting: RHB Javier Rivera 0-0: Ball
1-0: Swinging Strike
1-1: Foul Ball, location: 2F
1-2: Strikes out swinging
Batting: LHB Terrence Eler 0-0: Ball
1-0: Fly out, F6 (Popup, 56)
Top of the 1st over - 0 run(s), 1 hit(s), 0 error(s), 1 left on base; Richardson City 0 - Panama City 0
BOTTOM OF THE 1ST
Panama City Piranhas batting - Pitching for Richardson City Thundercats : LHP Alec Pittman
Pitching: LHP Alec Pittman
Batting: RHB Baldomero Avino 0-0: Foul Ball, location: 2F
0-1: SINGLE (Flyball, 7LS) - OUT at second base trying to stretch hit.
Batting: LHB Sergio Muńóz 0-0: SINGLE (Groundball, 56D)
Batting: RHB Raúl Ortíz 0-0: Called Strike
0-1: Ball
1-1: Ball
2-1: Ball
3-1: Foul Ball, location: 2F
3-2: Fly out, F8 (Flyball, 8RM)
Lined into DP, 8-3 (Flyball, 8RM)
Bottom of the 1st over - 0 run(s), 2 hit(s), 0 error(s), 0 left on base; Richardson City 0 - Panama City 0
TOP OF THE 2ND
Richardson City Thundercats batting - Pitching for Panama City Piranhas : RHP Luis Flores
Batting: RHB Chriss Mann 0-0: Called Strike
0-1: SINGLE (Groundball, 6MD)
Batting: LHB Eduardo Álvarez 0-0: Swinging Strike
0-1: Ball
1-1: SINGLE (Line Drive, 6D)
Chriss Mann to second
Batting: LHB Carroll Martin 0-0: Ball
1-0: Called Strike
1-1: Swinging Strike
1-2: Strikes out swinging
Batting: RHB Tomás Martínez 0-0: Ball
1-0: Foul Ball, location: 2F
1-1: Ball
2-1: Called Strike
2-2: SINGLE (Groundball, 56S) (infield hit)
Chriss Mann to third
Eduardo Álvarez to second
Batting: RHB Alden Wiley 0-0: Ball
1-0: Grounds into double play, 6-4-3 (Groundball, 6)
Top of the 2nd over - 0 run(s), 3 hit(s), 0 error(s), 2 left on base; Richardson City 0 - Panama City 0
BOTTOM OF THE 2ND
Panama City Piranhas batting - Pitching for Richardson City Thundercats : LHP Alec Pittman
Batting: RHB Juan Jose Ayala 0-0: SINGLE (Line Drive, 8LS)
Batting: LHB Herman Hayes 0-0: Fielders Choice at 2nd, 1-6 (Groundball, 13)
Batting: LHB Robert Adams 0-0: Ball
1-0: Ball
2-0: Foul Ball, location: 2F
2-1: Foul Ball, location: 2F
2-2: Fly out, F8 (Flyball, 89D)
Batting: RHB Fernando Silva 0-0: SINGLE (Line Drive, 7S)
Herman Hayes to second
Batting: SHB Tsing Guao 0-0: SINGLE (Flyball, 78S)
Herman Hayes to third
Fernando Silva to second
Runner from 3rd tries for Home, SAFE, no throw
Batting: LHB Steve Cunningham 0-0: Ball
1-0: Ball
2-0: Ball
3-0: Base on Balls
Fernando Silva to third
Tsing Guao to second
Batting: RHB Baldomero Avino 0-0: Foul Ball, location: 2F
0-1: Foul Ball, location: 2F
0-2: Foul Ball, location: 2F
0-2: Foul Ball, location: 2F
0-2: Ball
1-2: Foul Ball, location: 2F
1-2: Foul Ball, location: 2F
1-2: Fly out, F7 (Flyball, 7S)
Bottom of the 2nd over - 1 run(s), 3 hit(s), 0 error(s), 3 left on base; Richardson City 0 - Panama City 1
TOP OF THE 3RD
Richardson City Thundercats batting - Pitching for Panama City Piranhas : RHP Luis Flores
Batting: SHB Mitch Qualtrough 0-0: Ground out 3-1 (Groundball, 34)
Batting: LHB Fernando Ramírez 0-0: Foul Ball, location: 2F
0-1: Ball
1-1: Ball
2-1: Ground out 4-3 (Groundball, 4MD)
Batting: RHB Javier Rivera 0-0: Fly out, F1 (Line Drive, 13)
Top of the 3rd over - 0 run(s), 0 hit(s), 0 error(s), 0 left on base; Richardson City 0 - Panama City 1
BOTTOM OF THE 3RD
Panama City Piranhas batting - Pitching for Richardson City Thundercats : LHP Alec Pittman
Batting: LHB Sergio Muńóz 0-0: Called Strike
0-1: Foul Ball, location: 2F
0-2: Fly out, F7 (Flyball, 7S)
Batting: RHB Raúl Ortíz 0-0: Foul Ball, location: 2F
0-1: Ball
1-1: Fly out, F4 (Line Drive, 4M)
Batting: RHB Juan Jose Ayala 0-0: Called Strike
0-1: SINGLE (Groundball, 25) (infield hit)
Batting: LHB Herman Hayes 0-0: Ball
1-0: Swinging Strike
1-1: Swinging Strike
1-2: Ball
2-2: Fly out, F8 (Flyball, 89D)
Bottom of the 3rd over - 0 run(s), 1 hit(s), 0 error(s), 1 left on base; Richardson City 0 - Panama City 1
TOP OF THE 4TH
Richardson City Thundercats batting - Pitching for Panama City Piranhas : RHP Luis Flores
Batting: LHB Terrence Eler 0-0: Ball
1-0: Foul Ball, location: 2F
1-1: DOUBLE (Line Drive, 78D) - OUT at third base trying to stretch hit.
Batting: RHB Chriss Mann 0-0: Called Strike
0-1: Ball
1-1: Reached on error, E5 (Groundball, 5S)
Batting: LHB Eduardo Álvarez 0-0: Called Strike
0-1: Ball
1-1: Foul Ball, location: 2F
1-2: Fly out, F3 (Line Drive, 3L)
Batting: LHB Carroll Martin 0-0: SINGLE (Groundball, 4MS) (infield hit)
Chriss Mann to second
Batting: RHB Tomás Martínez 0-0: Called Strike
0-1: Ball
1-1: Swinging Strike
1-2: Strikes out swinging
Top of the 4th over - 0 run(s), 2 hit(s), 1 error(s), 2 left on base; Richardson City 0 - Panama City 1
BOTTOM OF THE 4TH
Panama City Piranhas batting - Pitching for Richardson City Thundercats : LHP Alec Pittman
Batting: LHB Robert Adams 0-0: Foul Ball, location: 2F
0-1: Fly out, F2 (Popup, 3S)
Batting: RHB Fernando Silva 0-0: Ground out 4-3 (Groundball, 4)
Batting: SHB Tsing Guao 0-0: Foul Ball, location: 2F
0-1: Foul Ball, location: 2F
0-2: Ball
1-2: Ball
2-2: Foul Ball, location: 2F
2-2: Strikes out swinging
Bottom of the 4th over - 0 run(s), 0 hit(s), 0 error(s), 0 left on base; Richardson City 0 - Panama City 1
TOP OF THE 5TH
Richardson City Thundercats batting - Pitching for Panama City Piranhas : RHP Luis Flores
Batting: RHB Alden Wiley 0-0: Bunt for hit - play at first, batter OUT! 1-3
Batting: SHB Mitch Qualtrough 0-0: Ball
1-0: Swinging Strike
1-1: Foul Ball, location: 2F
1-2: Foul Ball, location: 2F
1-2: Ground out 6-3 (Groundball, 6)
Batting: LHB Fernando Ramírez 0-0: Foul Ball, location: 2F
0-1: Fly out, F8 (Flyball, 8LS)
Top of the 5th over - 0 run(s), 0 hit(s), 0 error(s), 0 left on base; Richardson City 0 - Panama City 1
BOTTOM OF THE 5TH
Panama City Piranhas batting - Pitching for Richardson City Thundercats : LHP Alec Pittman
Batting: LHB Steve Cunningham 0-0: Ball
1-0: Ball
2-0: Swinging Strike
2-1: Ground out 4-3 (Groundball, 4)
Batting: RHB Baldomero Avino 0-0: Swinging Strike
0-1: Ball
1-1: Fly out, F7 (Line Drive, 78D)
Batting: LHB Sergio Muńóz 0-0: Foul Ball, location: 2F
0-1: Ball
1-1: Ball
2-1: Ball
3-1: Base on Balls
Batting: RHB Raúl Ortíz 0-0: Swinging Strike
0-1: Ball
1-1: Ball
2-1: Foul Ball, location: 2F
2-2: Foul Ball, location: 2F
2-2: Foul Ball, location: 2F
2-2: Fly out, F9 (Flyball, 9LMF)
Bottom of the 5th over - 0 run(s), 0 hit(s), 0 error(s), 1 left on base; Richardson City 0 - Panama City 1
TOP OF THE 6TH
Richardson City Thundercats batting - Pitching for Panama City Piranhas : RHP Luis Flores
Batting: RHB Javier Rivera 0-0: Called Strike
0-1: Ball
1-1: Called Strike
1-2: Foul Ball, location: 2F
1-2: Ball
2-2: Foul Ball, location: 2F
2-2: Foul Ball, location: 2F
2-2: Ball
3-2: SINGLE (Line Drive, 6MD)
Batting: LHB Terrence Eler 0-0: Ball
1-0: Ball
2-0: Ball
3-0: Called Strike
3-1: Called Strike
3-2: Strikes out swinging
Batting: RHB Chriss Mann 0-0: Ball
1-0: Ball
2-0: Foul Ball, location: 2F
2-1: Foul Ball, location: 2F
2-2: Foul Ball, location: 2F
2-2: Foul Ball, location: 2F
2-2: Ball
3-2: SINGLE (Groundball, 56D)
Javier Rivera to second
Batting: LHB Eduardo Álvarez 0-0: Ball
1-0: Foul Ball, location: 2F
1-1: Foul Ball, location: 2F
1-2: Strikes out looking
Batting: LHB Carroll Martin 0-0: Ball
1-0: Ball
2-0: Foul Ball, location: 2F
2-1: Foul Ball, location: 2F
2-2: Foul Ball, location: 2F
2-2: Foul Ball, location: 2F
2-2: Fielders Choice at 2nd, 4-6 (Groundball, 4)
Top of the 6th over - 0 run(s), 2 hit(s), 0 error(s), 1 left on base; Richardson City 0 - Panama City 1
BOTTOM OF THE 6TH
Panama City Piranhas batting - Pitching for Richardson City Thundercats : LHP Alec Pittman
Batting: RHB Juan Jose Ayala 0-0: Ball
1-0: Called Strike
1-1: Fly out, F8 (Line Drive, 8RM)
Batting: LHB Herman Hayes 0-0: Ball
1-0: Foul Ball, location: 2F
1-1: Foul Ball, location: 2F
1-2: Strikes out looking
Batting: LHB Robert Adams 0-0: Ball
1-0: Foul Ball, location: 2F
1-1: Ball
2-1: Foul Ball, location: 2F
2-2: Foul Ball, location: 2F
2-2: SINGLE (Flyball, 4MD)
Batting: RHB Fernando Silva 0-0: Ground out 5-3 (Groundball, 56S)
Bottom of the 6th over - 0 run(s), 1 hit(s), 0 error(s), 1 left on base; Richardson City 0 - Panama City 1
TOP OF THE 7TH
Richardson City Thundercats batting - Pitching for Panama City Piranhas : RHP Luis Flores
Batting: RHB Tomás Martínez 0-0: Fly out, F5 (Popup, 56)
Batting: RHB Alden Wiley 0-0: Ground out 5-3 (Groundball, 5)
Batting: SHB Mitch Qualtrough 0-0: Called Strike
0-1: Called Strike
0-2: Ball
1-2: Ball
2-2: Fly out, F3 (Popup, 3)
Top of the 7th over - 0 run(s), 0 hit(s), 0 error(s), 0 left on base; Richardson City 0 - Panama City 1
BOTTOM OF THE 7TH
Panama City Piranhas batting - Pitching for Richardson City Thundercats : LHP Alec Pittman
Batting: SHB Tsing Guao 0-0: Ball
1-0: Ball
2-0: Called Strike
2-1: Foul Ball, location: 2F
2-2: Ball
3-2: Fly out, F4 (Popup, 3D)
Batting: LHB Steve Cunningham 0-0: Called Strike
0-1: Foul Ball, location: 2F
0-2: Ball
1-2: Strikes out swinging
Batting: RHB Baldomero Avino 0-0: Called Strike
0-1: Ball
1-1: Ball
2-1: Ground out 4-3 (Groundball, 6MD)
Bottom of the 7th over - 0 run(s), 0 hit(s), 0 error(s), 0 left on base; Richardson City 0 - Panama City 1
TOP OF THE 8TH
Richardson City Thundercats batting - Pitching for Panama City Piranhas : RHP Luis Flores
Now in LF: Marc Talamante
Batting: LHB Fernando Ramírez 0-0: Foul Ball, location: 2F
0-1: SOLO HOME RUN (Flyball, 9LD), Distance : 342 ft
Batting: RHB Javier Rivera 0-0: Swinging Strike
0-1: Called Strike
0-2: Ball
1-2: Ball
2-2: Ball
3-2: Foul Ball, location: 2F
3-2: SINGLE (Line Drive, 78S)
Batting: LHB Terrence Eler 0-0: Ball
1-0: Called Strike
1-1: Foul Ball, location: 2F
1-2: Ball
2-2: Foul Ball, location: 2F
2-2: Grounds into double play, 4-6-3 (Groundball, 4)
Batting: RHB Chriss Mann 0-0: Foul Ball, location: 2F
0-1: Ball
1-1: Ball
2-1: SINGLE (Groundball, 6MD)
Pitching: RHP Tobías Pérez
Batting: LHB Eduardo Álvarez 0-0: Called Strike
Chriss Mann steals 2nd base
0-1: Foul Ball, location: 2F
0-2: Ball
1-2: Strikes out swinging
Top of the 8th over - 1 run(s), 3 hit(s), 0 error(s), 1 left on base; Richardson City 1 - Panama City 1
BOTTOM OF THE 8TH
Panama City Piranhas batting - Pitching for Richardson City Thundercats : LHP Alec Pittman
Batting: SHB Marc Talamante 0-0: Foul Ball, location: 2F
0-1: Swinging Strike
0-2: Ground out 4-3 (Groundball, 4)
Batting: RHB Raúl Ortíz 0-0: Foul Ball, location: 2F
0-1: Foul Ball, location: 2F
0-2: Strikes out swinging
Batting: RHB Juan Jose Ayala 0-0: Called Strike
0-1: Ball
1-1: Foul Ball, location: 2F
1-2: Fly out, F6 (Popup, 6D)
Bottom of the 8th over - 0 run(s), 0 hit(s), 0 error(s), 0 left on base; Richardson City 1 - Panama City 1
TOP OF THE 9TH
Richardson City Thundercats batting - Pitching for Panama City Piranhas : RHP Tobías Pérez
Pitching: RHP Anderson O'Mara
Batting: LHB Carroll Martin 0-0: Ball
1-0: Foul Ball, location: 2F
1-1: Ground out U3 (Groundball, 34)
Batting: RHB Tomás Martínez 0-0: Ball
1-0: Ground out 6-3 (Groundball, 56)
Batting: RHB Alden Wiley 0-0: Called Strike
0-1: Swinging Strike
0-2: Strikes out swinging
Top of the 9th over - 0 run(s), 0 hit(s), 0 error(s), 0 left on base; Richardson City 1 - Panama City 1
BOTTOM OF THE 9TH
Panama City Piranhas batting - Pitching for Richardson City Thundercats : LHP Alec Pittman
Pitching: RHP Dave Reed
Batting: LHB Herman Hayes 0-0: Fly out, F8 (Flyball, 78D)
Batting: LHB Robert Adams 0-0: Ball
1-0: Ball
2-0: Ball
3-0: Base on Balls
Batting: RHB Fernando Silva 0-0: Ball
1-0: Fielders Choice at 2nd, 5-4 (Groundball, 5)
Batting: SHB Tsing Guao 0-0: Ball
1-0: Ball
2-0: Ball
3-0: Called Strike
3-1: Fielders Choice at 2nd, 4-6 (Groundball, 4)
Bottom of the 9th over - 0 run(s), 0 hit(s), 0 error(s), 0 left on base; Richardson City 1 - Panama City 1
TOP OF THE 10TH
Richardson City Thundercats batting - Pitching for Panama City Piranhas : RHP Anderson O'Mara
Now in RF: Armando Alvarado
Batting: SHB Mitch Qualtrough 0-0: Fly out, F6 (Popup, 6MD)
Batting: LHB Fernando Ramírez 0-0: Called Strike
0-1: Foul Ball, location: 2F
0-2: Fly out, F3 (Line Drive, 3L)
Batting: RHB Javier Rivera 0-0: Called Strike
0-1: Ball
1-1: SOLO HOME RUN (Flyball, 9D), Distance : 385 ft
Batting: LHB Terrence Eler 0-0: Foul Ball, location: 2F
0-1: Fly out, F4 (Line Drive, 4M)
Top of the 10th over - 1 run(s), 1 hit(s), 0 error(s), 0 left on base; Richardson City 2 - Panama City 1
BOTTOM OF THE 10TH
Panama City Piranhas batting - Pitching for Richardson City Thundercats : RHP Dave Reed
Pitching: LHP Manuel Franco
Batting: LHB Steve Cunningham 0-0: Ball
1-0: Foul Ball, location: 2F
1-1: Ball
2-1: Foul Ball, location: 2F
2-2: SINGLE (Line Drive, 89S)
Batting: RHB Baldomero Avino 0-0: Ball
1-0: Ball
2-0: Called Strike
2-1: Ball
3-1: Base on Balls
Steve Cunningham to second
Batting: SHB Marc Talamante 0-0: Foul Ball, location: 2F
0-1: Fly out, F8 (Line Drive, 8LS)
Batting: RHB Raúl Ortíz 0-0: Called Strike
0-1: Ball
1-1: Fly out, F9 (Flyball, 9LS)
Batting: RHB Juan Jose Ayala 0-0: Called Strike
0-1: Ball
1-1: Ball
2-1: Ball
3-1: Base on Balls
Steve Cunningham to third
Baldomero Avino to second
Batting: LHB Herman Hayes 0-0: Foul Ball, location: 2F
0-1: Ground out 1-3 (Groundball, 13)
Bottom of the 10th over - 0 run(s), 1 hit(s), 0 error(s), 3 left on base; Richardson City 2 - Panama City 1
Saturday, May 26th, 2018 - OOTP Baseball 17.12 Build 75